 Dungeon Crawl Stone Soup version 0.30-a0-629-gd54f4be4f7 (webtiles) character file.

Game seed: 9010377819225528875

109448 drugrobin the Black Belt (level 15, -1/132 HPs)
             Began as a Demigod Delver on Jan 13, 2023.
             Slain by a snapping turtle (15 damage)
             ... on level 2 of the Shoals.
             The game lasted 01:51:08 (29371 turns).

drugrobin the Black Belt (Demigod Delver)          Turns: 29371, Time: 01:51:09

Health: -1/132     AC: 16    Str: 16    XL:     15   Next: 56%
Magic:  12/21      EV: 13    Int: 23    God:
Gold:   1653       SH:  4    Dex: 20    Spells: 2/18 levels left

rFire   . . .      SeeInvis .      - Unarmed
rCold   . . .      Faith    .    T - +0 buckler
rNeg    + . .      Spirit   .    R - +0 troll leather armour
rPois   +          Reflect  .    E - +0 helmet
rElec   .          Harm     .    P - +2 ratskin cloak {*Rats rPois rN+ Str-1 Int-1 Dex+1}
rCorr   .          Rampage  .    U - +0 pair of gloves
Will    ++...                    Z - +2 pair of boots
Stlth   ++++                     K - amulet of the acrobat
HPRegen 1.22/turn                Q - +4 ring of protection
MPRegen 0.17/turn                k - ring of willpower

@: studying Stealth
A: high MP 1, forlorn, divine attributes
a: no special abilities


You were on level 2 of the Shoals.
You visited 4 branches of the dungeon, and saw 21 of its levels.
You also visited: Sewer, Ice Cave and Volcano.

You collected 1959 gold pieces.
You spent 306 gold pieces at shops.

Inventory:

Hand Weapons
 b - a +0 antimagic sling
 d - a +0 short sword of venom
 e - the +7 Throatcutter {drain, coup de grace}
   (You found it on level 3 of the Dungeon)

   It may instantly kill foes which have little health.
Missiles
 n - 4 throwing nets
 o - 4 curare-tipped darts
 J - 14 boomerangs (quivered)
Armour
 h - an orb of mayhem
 l - +0 swamp dragon scales
 E - a +0 helmet (worn)
 L - a scarf of repulsion
 P - the +2 ratskin cloak (worn) {*Rats rPois rN+ Str-1 Int-1 Dex+1}
   (You found it on level 5 of the Dungeon)

   When the wearer is hurt, rats may emerge from it to assist them.
   Str:       It affects your strength (-1).
   Int:       It affects your intelligence (-1).
   Dex:       It affects your dexterity (+1).
   rPois:     It protects you from poison.
   rN:        It protects you from negative energy.
 R - a +0 troll leather armour (worn)
 T - a +0 buckler (worn)
 U - a +0 pair of gloves (worn)
 X - +0 fire dragon scales
 Z - a +2 pair of boots (worn)
Jewellery
 g - a +4 ring of protection
 k - a ring of willpower (right hand)
 K - an amulet of the acrobat (around neck)
 Q - a +4 ring of protection (left hand)
 V - a ring of see invisible
Wands
 a - a wand of flame (19)
 f - a wand of digging (1)
 A - a wand of polymorph (16)
 M - a wand of light (15)
 Y - a wand of iceblast (8)
Scrolls
 i - 4 scrolls of fear
 j - 9 scrolls of blinking
 m - 7 scrolls of fog
 p - a scroll of magic mapping
 r - a scroll of silence {unknown}
 s - 7 scrolls of immolation
 v - 8 scrolls of vulnerability
 w - 2 scrolls of butterflies {unknown}
 x - 5 scrolls of poison {unknown}
 C - 15 scrolls of teleportation
 I - 8 scrolls of enchant weapon {unknown}
 N - 6 scrolls of enchant armour
Potions
 c - 4 potions of attraction
 q - 3 potions of heal wounds
 u - 4 potions of resistance
 B - 4 potions of ambrosia
 D - 2 potions of might {unknown}
 F - 3 potions of invisibility {unknown}
 H - 2 potions of haste
 O - 9 potions of curing
 W - a potion of berserk rage
Miscellaneous
 S - a tin of tremorstones (2/2)


   Skills:
 - Level 12.0 Fighting
 - Level 4.0 Dodging
 - Level 10.0 Stealth
 - Level 20.0 Unarmed Combat
 - Level 2.0 Spellcasting
 + Level 11.7 Ice Magic
 - Level 1.7 Evocations


You had 2 spell levels left.
You knew the following spells:

 Your Spells              Type           Power      Damage    Failure   Level
a - Freeze                Ice            100%       1d10      1%          1
b - Ice Form              Ice/Tmut       29%        N/A       19%         4
c - Frozen Ramparts       Ice            100%       1d16      1%          3
d - Blink                 Tloc           4%         N/A       32%         2
e - Ozocubu's Armour      Ice            54%        N/A       1%          3
f - Hailstorm             Conj/Ice       29%        3d8       6%          3

Your spell library contained the following spells:

 Spells                   Type           Power      Damage    Failure   Level
 Magic Dart               Conj           8%         1d3       22%         1
 Slow                     Hex            8%         N/A       22%         1
 Sting                    Tmut/Pois      8%         1d3       22%         1
 Call Imp                 Summ           2%         N/A       32%         2
 Cigotuvi's Dreadful Rot  Necr/Pois/Air  4%         N/A       32%         2
 Momentum Strike          Conj/Tloc      4%         3d8       32%         2
 Poisonous Vapours        Pois/Air       4%         N/A       32%         2
 Metabolic Englaciation   Hex/Ice        14%        N/A       47%         5
 Confusing Touch          Hex            2%         N/A       54%         3
 Gell's Gravitas          Tloc           2%         N/A       54%         3
 Lesser Beckoning         Tloc           4%         N/A       54%         3
 Mephitic Cloud           Conj/Pois/Air  2%         N/A       54%         3
 Teleport Other           Tloc           2%         N/A       54%         3
 Vampiric Draining        Necr           2%         2d6       54%         3
 Ozocubu's Refrigeration  Ice            27%        4d13      83%         7
 Olgreb's Toxic Radiance  Pois           2%         N/A       91%         4
 Passage of Golubria      Tloc           2%         N/A       91%         4
 Petrify                  Tmut/Erth      2%         N/A       91%         4
 Simulacrum               Ice/Necr       14%        N/A       96%         6
 Alistair's Intoxication  Tmut/Pois      1%         N/A       99%         5
 Borgnjor's Vile Clutch   Necr/Erth      1%         N/A       99%         5
 Silence                  Hex/Air        1%         N/A       99%         5
 Eringya's Noxious Bog    Tmut/Pois      1%         N/A       100%        6
 Statue Form              Tmut/Erth      1%         N/A       100%        6
 Lehudib's Crystal Spear  Conj/Erth      1%         10d2      100%        8


Dungeon Overview and Level Annotations

Branches:
Dungeon (12/15)            Temple (0/1) D:7            Lair (5/5) D:11
 Shoals (2/4) Lair:2        Snake (0/4) Lair:2        Slime (0/5) Lair:4
    Orc (2/2) D:11            Elf (0/3) Orc:2         Sewer (visited)
  IceCv (visited)         Volcano (visited)

Shops:
D:9 [   D:12 *   Orc:2 [*:*   Shoals:1 [

Portals:
Pandemonium: Orc:2

Annotations:
D:11 1 runed translucent door
Lair:3 3 runed translucent doors, bmack86's ghost, journeyman MiFi


Innate Abilities, Weirdness & Mutations

You have an increased reservoir of magic. (+10% MP)
You shall have no god before yourself.
Your divine heritage dramatically boosts your attributes as you level up.


Message History

The merfolk is moderately wounded.
The hail pelts the cyclops!
The cyclops is moderately wounded.
The merfolk shouts!
You block the merfolk's attack. The merfolk barely misses you.
Your hell rat bites the snapping turtle!
The snapping turtle bites you from afar!!
Unknown command.
Unknown command.
Unknown command.
Unknown command.
Unknown command.
Casting: Hailstorm (mildly dangerous; 6% risk of failure)
Confirm with . or Enter, or press ? or * to list all spells.
Casting: Hailstorm (mildly dangerous; 6% risk of failure)
Press: ? - help, Dir - look around, f - activate A cannonade of hail descends around you!
The hail pelts the snapping turtle but does no damage.
The snapping turtle is heavily wounded.
The hail misses the merfolk. x2; The hail pelts the cyclops!
The cyclops is heavily wounded.
The merfolk hits you from afar with a +0 trident!
The merfolk closely misses you.
Your hell rat completely misses the snapping turtle.
The snapping turtle bites you from afar!
Unknown command.
Unknown command.
Unknown command.
Unknown command.
The merfolk hits you from afar with a +0 trident.
Your hell rat bites the snapping turtle but does no damage.
The merfolk hits you from afar with a +0 trident!
* * * LOW HITPOINT WARNING * * *
A hell rat scurries out from under your cloak.
The merfolk throws a boomerang.
The boomerang hits your hell rat!
Your hell rat dies!
The cyclops throws a large rock.
The large rock hits you!
* * * LOW HITPOINT WARNING * * *
The snapping turtle bites you from afar!
You die...

≈≈≈~~~~~~~~~..##>.##....###.###..
≈≈~~~~.~~~~~.....###....###...~~.
≈≈~~~....~~~......#..........≈≈~.
≈≈~~..##.~...........#....~~~~#..
≈≈~~..#.......#.....###..~~~~.##.
≈≈≈~~~.~~~~..###.#..###...~..~...
≈≈≈≈~~~~~~~..# ###C..###.....(~..
≈≈≈≈≈~~~~....# ##....# #...##.~~.
≈≈≈≈≈~~~~....###@....###...##..~.
≈≈≈≈≈~~~~.......r..........##..~~
≈≈≈≈≈~~~~~.m.##mtm............~~~
≈≈≈≈≈~~~~~~~.##....###........~~~
≈≈≈≈≈≈~~~~~~.......# #...##..~~~~
≈≈≈≈≈≈≈~~~~......###.m.##..~~~~
≈≈≈≈≈~~~~.......##........~~~
≈≈≈≈~~~~~~~~..........#.!.~~
≈≈≈≈~~~~~~~~~........##...~


You could see a snapping turtle, 3 merfolk, a cyclops (ally target) and a
friendly hell rat.

Vanquished Creatures
  Mlioglotl (Shoals:1)
  Gastronok (Lair:3)
  2 orc warlords
  A merfolk impaler (Shoals:1)
  A fire dragon (Lair:5)
  Josephine (Lair:3)
  Harold (Orc:1)
  A hydra (Lair:5)
  2 demonspawn (Orc:2)
  A merfolk aquamancer (Lair:2)
  2 two-headed ogres
  20 death yaks
  7 orc high priests (Orc:2)
  A sun demon (Orc:2)
  Nergalle (Orc:1)
  3 sea snakes
  A swamp dragon (Lair:5)
  9 harpies
  A necromancer (IceCv)
  A bog body (IceCv)
  A deep elf pyromancer (D:12)
  5 orc knights
  An ugly thing (Volcano)
  6 fauns
  10 orc sorcerers
  A cyclops (D:12)
  An oklob plant (Lair:1)
  A wolf spider (Lair:5)
  7 manticores
  A guardian serpent (Lair:5)
  2 ice statues (IceCv)
  A merfolk siren (Shoals:1)
  6 elephants
  A smoke demon (Orc:2)
  2 torpor snails (Lair:5)
  2 water nymphs
  8 black mambas
  2 molten gargoyles (Volcano)
  Maggie (Lair:1)
  15 cane toads
  5 komodo dragons
  An anaconda simulacrum (IceCv)
  5 ice devils (IceCv)
  A kobold demonologist (D:9)
  A rime drake (Lair:5)
  10 trolls
  A queen bee (Lair:1)
  2 red devils
  3 hornets (Lair:5)
  5 merfolk
  14 blink frogs
  A wind drake (Shoals:1)
  2 snapping turtles (Shoals:1)
  19 dream sheep
  6 water elementals
  2 vampires
  A spriggan (Lair:2)
  4 wraiths (Lair:3)
  9 basilisks
  A dire elephant simulacrum (IceCv)
  3 fire bats
  Eustachio (D:5)
  18 wyverns
  45 yaks
  3 vampire mosquitoes (D:12)
  2 steam dragons (Lair:5)
  A neqoxec (Orc:2)
  2 redbacks (Lair:5)
  Menkaure (D:5)
  2 harpy simulacra (IceCv)
  A warg (Orc:1)
  5 acid dragons
  A hell hound (Volcano)
  15 water moccasins
  5 hydra simulacra (IceCv)
  A black bear (D:5)
  20 orc warriors
  2 sky beasts (D:7)
  2 ice beasts (D:6)
  65 wolves
  7 ogres
  3 centaurs
  3 kobold brigands
  8 bullfrogs
  A cane toad simulacrum (IceCv)
  A gnoll sergeant (D:11)
  3 necrophages
  A two-headed ogre simulacrum (IceCv)
  13 wights
  31 killer bees
  8 howler monkeys
  2 electric eels (D:11)
  5 lava snakes (Volcano)
  A jelly (D:7)
  8 hounds
  23 orc priests
  4 hell rats (D:5)
  5 iguanas
  18 orc wizards
  A spriggan simulacrum (IceCv)
  8 gnolls
  16 river rats
  8 adders
  3 white imps
  An ufetubus (D:5)
  3 worms
  A dart slug (D:4)
  63 orcs
  9 bats
  8 endoplasms
  3 giant cockroaches
  11 goblins
  6 hobgoblins
  6 jackals
  20 kobolds
  6 quokkas
  11 ball pythons
  6 frilled lizards
  7 rats
762 creatures vanquished.

Vanquished Creatures (collateral kills)
  A satyr (Shoals:2)
  A death yak (Lair:5)
  A sea snake (Shoals:1)
  An ugly thing (Volcano)
  A manticore (Lair:2)
  A cyclops (D:11)
  A black mamba (Lair:5)
  A smoke demon (Volcano)
  A cane toad (Lair:1)
  A rime drake (Lair:5)
  An ice devil (IceCv)
  A hornet (Lair:2)
  A wraith (D:9)
  2 yaks (Lair:5)
  A basilisk (Lair:5)
  A hydra simulacrum (IceCv)
  A wolf (Lair:2)
  2 centaurs
  A cane toad simulacrum (IceCv)
  2 wights (D:7)
  2 killer bees
  An orc priest (Orc:2)
  2 gnolls (D:11)
  2 orcs
30 creatures vanquished.

Vanquished Creatures (others)
  A sea snake (Shoals:1)
  63 fungi
  115 plants
179 creatures vanquished.

Grand Total: 971 creatures vanquished

Notes
Turn   | Place    | Note
-------+----------+-------------------------------------------
     0 | D:5      | drugrobin the Demigod Delver began the quest for the Orb.
     0 | D:5      | Reached XP level 1. HP: 18/18 MP: 3/3
    61 | D:5      | Noticed an ogre
    64 | D:4      | Noticed an orc priest
    92 | D:4      | Reached skill level 2 in Unarmed Combat
   305 | D:4      | Reached XP level 2. HP: 24/25 MP: 4/4
   351 | D:4      | Found a glowing drain.
   355 | Sewer    | Entered a sewer
   417 | Sewer    | Reached skill level 3 in Unarmed Combat
   691 | Sewer    | Reached XP level 3. HP: 23/30 MP: 5/5
  1186 | D:4      | Reached skill level 4 in Unarmed Combat
  1257 | D:3      | Reached XP level 4. HP: 32/37 MP: 6/6
  2326 | D:2      | Learned a level 1 spell: Freeze
  3445 | D:3      | Reached XP level 5. HP: 38/44 MP: 7/7
  3774 | D:3      | Found the +7 Throatcutter {drain, coup de grace}
  3790 | D:3      | Reached skill level 5 in Stealth
  3790 | D:3      | Reached skill level 5 in Unarmed Combat
  3790 | D:3      | Reached skill level 1 in Ice Magic
  4216 | D:4      | Reached XP level 6. HP: 23/51 MP: 8/8
  4840 | D:5      | Noticed Menkaure
  4850 | D:5      | Killed Menkaure
  4954 | D:5      | Noticed Eustachio
  4964 | D:5      | Killed Eustachio
  4965 | D:5      | Reached XP level 7. HP: 50/59 MP: 9/9
  5416 | D:5      | Reached skill level 6 in Unarmed Combat
  5507 | D:5      | Found the +2 ratskin cloak {*Rats rPois rN+ Str-1 Int-1
                  | Dex+1}
  5746 | D:5      | Reached XP level 8. HP: 67/67 MP: 10/10
  6113 | D:6      | Reached skill level 5 in Fighting
  6389 | D:5      | Reached skill level 7 in Unarmed Combat
  6389 | D:5      | Reached skill level 5 in Ice Magic
  6467 | D:6      | Reached XP level 9. HP: 66/75 MP: 11/11
  6861 | D:6      | Learned a level 4 spell: Ice Form
  7400 | D:7      | Identified the +1 leather armour "Quosezin" {Rampage rN+
                  | Slay+2}
  7443 | D:7      | Learned a level 3 spell: Frozen Ramparts
  7497 | D:7      | Found a staircase to the Ecumenical Temple.
  7716 | D:7      | Reached skill level 8 in Unarmed Combat
  7881 | D:7      | Reached skill level 1 in Evocations
  8638 | D:8      | Noticed a two-headed ogre
  9084 | D:9      | Found Leijekk's Antique Armour Emporium.
  9118 | D:9      | Reached XP level 10. HP: 86/86 MP: 13/13
 10313 | D:10     | Entered Level 10 of the Dungeon
 10593 | D:10     | Reached skill level 9 in Unarmed Combat
 10877 | D:10     | Found the +5 robe of Misfortune {Harm *Corrode *Slow EV+5}
 11207 | D:11     | Noticed a manticore
 11240 | D:11     | Killed a manticore
 11346 | D:11     | Found a staircase to the Orcish Mines.
 11402 | D:11     | Reached skill level 10 in Unarmed Combat
 11568 | D:11     | Noticed a cyclops
 11586 | D:11     | Killed a cyclops
 11650 | D:11     | Reached XP level 11. HP: 94/94 MP: 10/14
 11656 | D:11     | Reached skill level 11 in Unarmed Combat
 11678 | D:11     | Found a staircase to the Lair.
 11860 | D:11     | Identified the ring "Ekipt" {rF+ rC+ Dex+3}
 11860 | D:11     | Noticed a frost giant
 11860 | D:11     | Noticed a flayed ghost
 11860 | D:11     | Noticed a deep troll earth mage
 11861 | D:11     | Found a runed translucent door.
 11864 | D:11     | Noticed an orc high priest
 11864 | D:11     | Noticed an ettin
 11864 | D:11     | Noticed a flayed ghost
 11864 | D:11     | Noticed a deep troll earth mage
 11864 | D:11     | Found the +3 Elemental Staff {rElec rF++ rC++ AC+5}
 12087 | D:11     | Learned a level 2 spell: Blink
 12135 | Lair:1   | Entered Level 1 of the Lair of Beasts
 12208 | Lair:1   | Noticed Maggie
 12221 | Lair:1   | Killed Maggie
 12390 | Lair:1   | Found a frozen archway.
 12443 | Lair:1   | Identified a scroll of acquirement
 12444 | Lair:1   | Acquired the +0 pair of boots of the Gnashing Gods {+Blink
                  | rC+}
 12458 | IceCv    | Entered an ice cave
 12576 | IceCv    | Reached skill level 12 in Unarmed Combat
 12727 | IceCv    | Reached skill level 1 in Spellcasting
 12822 | IceCv    | Identified the +2 leather armour of the Harp {Stlth+}
 12990 | IceCv    | Reached skill level 13 in Unarmed Combat
 13078 | IceCv    | Noticed a necromancer
 13078 | IceCv    | Noticed a bog body
 13082 | IceCv    | Killed a necromancer
 13086 | IceCv    | Killed a bog body
 13232 | Lair:1   | Learned a level 3 spell: Ozocubu's Armour
 13953 | Lair:2   | Found a staircase to the Snake Pit.
 13999 | Lair:2   | Reached skill level 14 in Unarmed Combat
 14029 | Lair:2   | Reached XP level 12. HP: 99/101 MP: 8/18
 14650 | Lair:2   | You fall into a shaft and drop 2 floors!
 14973 | Lair:2   | Found a staircase to the Shoals.
 15288 | Lair:2   | Reached skill level 15 in Unarmed Combat
 15349 | Lair:2   | Reached skill level 10 in Fighting
 16321 | Lair:3   | Noticed Josephine
 16339 | Lair:3   | Killed Josephine
 16352 | Lair:3   | Reached XP level 13. HP: 12/106 MP: 7/19
 16504 | Lair:3   | Found a runed translucent gate.
 16505 | Lair:3   | Found a runed translucent gate.
 16506 | Lair:3   | Found a runed translucent gate.
 16508 | Lair:3   | Noticed bmack86's ghost (journeyman MiFi)
 16534 | Lair:3   | Noticed Gastronok
 16567 | Lair:3   | Killed Gastronok
 17217 | Lair:4   | Reached skill level 16 in Unarmed Combat
 17869 | Lair:4   | Found a staircase to the Slime Pits.
 18049 | Lair:5   | Entered Level 5 of the Lair of Beasts
 18156 | Lair:5   | Found a dark tunnel.
 18179 | Volcano  | Entered a volcano
 18985 | Lair:5   | Reached skill level 10 in Stealth
 19750 | Lair:5   | Reached skill level 17 in Unarmed Combat
 19965 | Lair:5   | Reached XP level 14. HP: 93/125 MP: 9/20
 20667 | Lair:5   | Learned a level 3 spell: Hailstorm
 21737 | Lair:5   | Reached skill level 18 in Unarmed Combat
 22222 | Orc:1    | Entered Level 1 of the Orcish Mines
 22222 | Orc:1    | Noticed Harold
 22238 | Orc:1    | Killed Harold
 22803 | D:12     | Found Xeufuh's Assorted Antiques.
 22808 | D:12     | Bought a potion of heal wounds for 130 gold pieces
 22808 | D:12     | Bought a scroll labelled GEADDOIBLO for 26 gold pieces
 23792 | Orc:1    | Noticed Nergalle
 23831 | Orc:1    | Killed Nergalle
 23912 | Orc:1    | Noticed an orc warlord
 23994 | D:11     | Killed an orc warlord
 23995 | D:11     | Reached skill level 10 in Ice Magic
 24129 | Orc:2    | Entered Level 2 of the Orcish Mines
 25178 | Orc:2    | Found Hestroig's General Store.
 25232 | Orc:2    | Found Mirph's General Store.
 25813 | Orc:2    | Bought a scroll of immolation for 48 gold pieces
 25815 | Orc:2    | Bought a potion of curing for 51 gold pieces
 25815 | Orc:2    | Bought a scroll of teleportation for 51 gold pieces
 25855 | Orc:2    | Found a staircase to the Elven Halls.
 26056 | Orc:1    | Noticed an orc warlord
 26135 | Orc:1    | Reached XP level 15. HP: 120/132 MP: 21/21
 26163 | Orc:2    | Reached skill level 19 in Unarmed Combat
 26578 | Orc:2    | Found Patraadd's Book Shoppe.
 26578 | Orc:2    | Found Peodiops's Antique Armour Emporium.
 26578 | Orc:2    | Found a one-way gate leading to the halls of Pandemonium.
 26938 | Shoals:1 | Entered Level 1 of the Shoals
 27669 | Shoals:1 | Found Iwkoytedd's Armour Emporium.
 28926 | Shoals:2 | Noticed Mlioglotl
 29193 | Shoals:1 | Reached skill level 20 in Unarmed Combat
 29262 | Shoals:1 | Killed Mlioglotl
 29371 | Shoals:2 | Slain by a snapping turtle

Illustrated notes

Levels and vault maps discovered:
D:1:      spicycebolla_arrival_clurvy, layout_loops_ring,
          dilly_ecumenical_altar_fadedgnrine
D:2:      layout_loops_corners
D:3:      layout_loops_ring, cheibrodos_ashenzari_chains,
          dilly_guarded_unrand_throatcut
D:4:      layout_basic, gup_sewer_entry_bowl
D:5:      wander_guarded_unrand_ratskin, layout_gridville, uniq_eustachio,
          uniq_menkaure, uniq_duvessa
D:6:      layout_basic, chequers_arboretum
D:7:      layout_basic, gammafunk_temple_overflow_wave, minmay_temple_entry_mist
D:8:      layout_loops_ring, minmay_checkerbox
D:9:      layout_layer_cave, serial_shops, nicolae_stop_n_shop_1
D:10:     layout_roguey
D:11:     minmay_gate_of_8, layout_loops_ring, erik_lair_island
D:12:     layout_irregular_city, serial_rivers, chequers_serial_rivers_micro_b,
          chequers_serial_rivers_micro_e, chequers_serial_rivers_micro_e,
          chequers_serial_rivers_micro_c, serial_shops, shop
Lair:1:   layout_misc_corridors, special_room [special_room_bee],
          portal_ice_cave_entry_pillars_1, serial_rivers,
          chequers_serial_rivers_marsh, chequers_serial_rivers_large_a,
          chequers_serial_rivers_micro_e, chequers_serial_rivers_large_b,
          chequers_serial_rivers_small_3, uniq_maggie
Lair:2:   layout_regular_city, elwin_shoals_entry_rooms,
          guppyfry_snake_entry_garden, grunt_forest_large_clearings
Lair:3:   layout_cave_pods, gammafunk_ghost_hydra_chop,
          dreamdust_mushroom_princess, chequers_serial_rivers_micro_d,
          grunt_megastairs_5, lemuel_fruit_tree, uniq_josephine, uniq_gastronok
Lair:4:   layout_regular_city, dpeg_slime_entry_corner
Lair:5:   hangedman_lair_tendril_chambers, layout_small_grid,
          guppyfry_lair_end_dragon, enter_volcano_2
Shoals:1: layout_shoals, serial_shops, shop
Shoals:2: layout_shoals, uniq_mlioglotl
Orc:1:    layout_caves, uniq_harold, uniq_nergalle
Orc:2:    pf_orc_diabolical, layout_diamond_mine

Skill      XL: |  1  2  3  4  5  6  7  8  9 10 11 12 13 14 15 |
---------------+----------------------------------------------+-----
Unarmed Combat | 2 3 4 5 6 7 8 10 14 15 17 18 20 | 20.0
Fighting       | 3 4 6 7 8 10 11 12 | 12.0
Stealth        | 5 6 7 8 9 10 | 10.0
Ice Magic      | 1 2 3 5 6 8 10 11 | 11.7
Evocations     | 1 |  1.7
Spellcasting   | 2 |  2.0
Dodging        | 3 4 |  4.0

Action                   |  1- 3 |  4- 6 |  7- 9 | 10-12 | 13-15 || total
-------------------------+-------+-------+-------+-------+-------++-------
Melee: Unarmed           |    72 |    21 |    25 |   727 |  1204 ||  2049
       Quarterstaff      |    66 |       |       |       |       ||    66
       Punch             |     1 |     4 |    12 |    12 |       ||    29
       Short sword       |       |   149 |    15 |    54 |     4 ||   222
       Long sword        |       |    58 |   212 |    79 |    82 ||   431
 Fire: Sling             |       |     7 |     3 |    12 |    23 ||    45
Throw: Dart              |       |     1 |     1 |     5 |     8 ||    15
       Boomerang         |       |       |     6 |     3 |    36 ||    45
 Cast: Freeze            |       |     2 |       |       |    10 ||    12
       Frozen Ramparts   |       |       |       |    40 |    82 ||   122
       Ice Form          |       |       |       |    11 |    14 ||    25
       Ozocubu's Armour  |       |       |       |    15 |    59 ||    74
       Blink             |       |       |       |     3 |     3 ||     6
       Hailstorm         |       |       |       |       |    36 ||    36
 Abil: End Transformatio |       |       |       |       |     1 ||     1
Evoke: Wand              |       |       |       |     9 |    11 ||    20
  Use: Scroll            |     1 |       |     1 |    11 |     9 ||    22
       Potion            |     1 |       |       |     2 |     7 ||    10
 Stab: Sleeping          |     4 |     9 |     3 |    20 |    10 ||    46
       Distracted        |       |       |     1 |     1 |     4 ||     6
       Invisible         |       |       |       |       |     2 ||     2
Armor: Leather armour    |    41 |    13 |    43 |    49 |    40 ||   186
       Ring mail         |       |    43 |       |       |       ||    43
       Chain mail        |       |     4 |   103 |       |       ||   107
       Skin              |       |       |     1 |    86 |    63 ||   150
       Troll leather arm |       |       |       |   404 |   420 ||   824
       Swamp dragon scal |       |       |       |       |    41 ||    41
       Fire dragon scale |       |       |       |       |     7 ||     7
Dodge: Dodged            |    70 |   126 |   144 |   639 |   863 ||  1842
Block: Buckler           |       |       |       |   128 |   234 ||   362

Table legend: (Time is in decaauts)
 A = Elapsed time spent in this place.
 B = Non-inter-level travel time spent in this place.
 C = Inter-level travel time spent in this place.
 D = Time resting spent in this place.
 E = Time spent auto-exploring this place.
 F = Levels seen in this place.
 G = Mean time per level.
                   A        B        C        D        E       F      G
               +--------+--------+--------+--------+--------+-----+--------+
         Total |  29369 |  28453 |    916 |   3630 |  15659 |  24 | 1223.7 |
       Dungeon |  13181 |  12695 |    486 |   1109 |   8019 |  12 | 1098.4 |
          Lair |   9060 |   8700 |    360 |   1226 |   4612 |   5 | 1812.0 |
        Shoals |   2001 |   1977 |     24 |    506 |    975 |   2 | 1000.5 |
  Orcish Mines |   3041 |   2997 |     44 |    375 |   1361 |   2 | 1520.5 |
         Sewer |    635 |    635 |      0 |    152 |    205 |   1 |  635.0 |
      Ice Cave |    707 |    707 |      0 |    176 |    110 |   1 |  707.0 |
       Volcano |    739 |    739 |      0 |     85 |    375 |   1 |  739.0 |
               +--------+--------+--------+--------+--------+-----+--------+

Top non-repeatable levels by time:
  Lair:5: 3197 daAuts
   Orc:2: 2584 daAuts
  Lair:2: 2008 daAuts
     D:4: 1658 daAuts
  Lair:3: 1630 daAuts
    D:11: 1501 daAuts
     D:9: 1489 daAuts
Shoals:1: 1294 daAuts
     D:5: 1227 daAuts
  Lair:1: 1185 daAuts
     D:6: 1168 daAuts
     D:2: 1130 daAuts
     D:7: 1081 daAuts
  Lair:4: 1038 daAuts
    D:10: 926 daAuts
